 Dungeon Crawl Stone Soup version 0.31.0 (webtiles) character file.

Game seed: 14051829037673387663

917 Leszczynek the Chopper (level 8, -3/62 HPs)
             Began as a Formicid Cinder Acolyte on Jan 19, 2024.
             Was an Elder of Uskayaw.
             Slain by a fire elemental (8 damage)
             ... created by the fiery vengeance of Ignis
             ... on level 5 of the Dungeon.
             The game lasted 00:14:47 (4929 turns).

Leszczynek the Chopper (Formicid Cinder Acolyte)    Turns: 4929, Time: 00:14:47

Health: -3/62      AC: 11    Str: 18    XL:     8   Next: 31%
Magic:  9/9        EV: 10    Int: 15    God:    Uskayaw [****..]
Gold:   28         SH:  0    Dex: 11    Spells: 9/9 levels left

rFire   . . .        t - +2 whip (elec)
rCold   . . .        (no shield)
rNeg    + . .        f - +0 ring mail
rPois   .            (helmet unavailable)
rElec   .            y - +2 cloak {Stlth+}
rCorr   .            v - +0 pair of gloves
SInv    +            x - +1 pair of boots {rampage}
Will    .....        (no amulet)
Stlth   ++           h - ring of positive energy
HPRegen 0.30/turn    (no ring)
MPRegen 0.11/turn

%: rampage
@: mighty, fire susceptible
A: permanent stasis, dig shafts and tunnels, antennae 3, four strong arms
a: Dig, Shaft Self, Renounce Religion, Stomp, Line Pass


You were on level 5 of the Dungeon.
You worshipped Uskayaw.
Uskayaw was noncommittal.
You visited 1 branch of the dungeon, and saw 5 of its levels.
You also visited: Sewer.

You collected 235 gold pieces.
You spent 207 gold pieces at shops.

Inventory:

Hand Weapons
 a - a -1 hand axe of flaming
 s - a +0 quarterstaff
 t - a +2 whip of electrocution (weapon)
 w - a +2 mace of venom
 C - a +0 flail
Missiles
 l - 6 boomerangs (quivered)
Armour
 f - a +0 ring mail (worn)
 v - a +0 pair of gloves (worn)
 x - a +1 pair of boots of rampaging (worn)
 y - a +2 cloak of stealth (worn)
Jewellery
 h - a ring of positive energy (left hand)
 A - a ring of protection from fire
Wands
 p - a wand of iceblast (2)
Scrolls
 b - a scroll of blinking {unknown}
 e - 5 scrolls of teleportation
 g - a scroll of fog {unknown}
 m - 2 scrolls of amnesia {unknown}
 n - a scroll of fear {unknown}
 o - a scroll of immolation {unknown}
 z - a scroll of enchant weapon {unknown}
 B - a scroll of revelation {unknown}
 D - a scroll of enchant armour {unknown}
 E - a scroll of poison {unknown}
Potions
 c - 4 potions of enlightenment
 j - a potion of berserk rage {!q}
 k - a potion of might
 q - a potion of brilliance
 r - a potion of lignification {!q}
 u - a potion of ambrosia {unknown}


   Skills:
 - Level 5.1 Fighting
 - Level 6.3(6.9) Axes
 * Level 4.0(5.7) Maces & Flails
 - Level 1.1 Spellcasting
 - Level 3.0 Fire Magic
 + Level 2.2 Invocations
 - Level 3.7 Evocations


You had 9 spell levels left.
You didn't know any spells.
Your spell library contained the following spells:

 Spells                   Type           Power      Damage    Failure   Level
 Scorch                   Fire           18%        2d5       19%         2
 Summon Small Mammal      Summ           0%         N/A       41%         1
 Sublimation of Blood     Necr           0%         N/A       54%         2
 Call Canine Familiar     Summ           0%         N/A       78%         3
 Sigil of Binding         Hex            0%         N/A       78%         3
 Tukima's Dance           Hex            0%         N/A       78%         3
 Summon Blazeheart Golem  Fire/Summ      5%         N/A       93%         4
 Dimensional Bullseye     Hex/Tloc       0%         N/A       99%         4
 Iskenderun's Mystic Bla  Conj/Tloc      0%         2d3       99%         4
 Petrify                  Alch/Erth      0%         N/A       99%         4
 Irradiate                Conj/Alch      0%         3d11      100%        5
 Orb of Destruction       Conj           0%         9d5       100%        7
 Spellforged Servitor     Conj/Summ      0%         N/A       100%        7


Dungeon Overview and Level Annotations

Branches:
Dungeon (5/15)              Sewer (visited)
 Temple: D:4-7

Altars:
Fedhas
Hepliaklqana
Uskayaw

Shops:
D:2 *

Annotations:
D:3 2 transporters


Innate Abilities, Weirdness & Mutations

You cannot be hasted, slowed, berserked, paralysed or teleported.
You can dig through walls and to a lower floor.
You have a pair of large antennae on your head. (SInv)
Your four strong arms can wield two-handed weapons with a shield.


Message History

You whack the fire elemental!
The fire elemental is moderately damaged.
The fire elemental hits you. The fire elemental burns you!
* * * LOW HITPOINT WARNING * * *
You feel much better. The fire elemental misses you.
Okay, then.
Unknown command.
You barely miss the fire elemental.
The fire elemental is moderately damaged.
The fire elemental hits you. The fire elemental burns you!
You closely miss the fire elemental.
The fire elemental is moderately damaged.
The fire elemental hits you. The fire elemental burns you!
You whack the fire elemental!
The fire elemental is severely damaged.
The fire elemental barely misses you.
Uskayaw will force your foes to share their pain.
You hit the fire elemental.
The fire elemental is almost destroyed.
The fire elemental hits you. The fire elemental burns you!
* * * LOW HITPOINT WARNING * * *
Unknown command.
You feel better. The fire elemental hits you. The fire elemental burns you!
* * * LOW HITPOINT WARNING * * *
You feel better. The fire elemental hits you. The fire elemental burns you!
* * * LOW HITPOINT WARNING * * *
The fire elemental hits you. The fire elemental burns you!
* * * LOW HITPOINT WARNING * * *
You closely miss the fire elemental.
The fire elemental is almost destroyed.
The fire elemental barely misses you.
Uskayaw prepares the audience for your solo!
The helpless fire elemental fails to defend itself.
You hit the fire elemental but do no damage.
The fire elemental is almost destroyed.
The fire elemental is no longer paralysed.
The fire elemental hits you.
* * * LOW HITPOINT WARNING * * *
The fire elemental burns you!
You die...

#...##
##)..#
#... #[..#
...#
#...##
#....#
##....###
#.......#
##.....☼##
#.....E##
#....##@#
#....#
##.# #.###
#.# ## ##


You could see a fire elemental.

Vanquished Creatures
  A fire elemental (D:5)
  Eustachio (D:5)
  2 crocodiles (Sewer)
  A phantom (D:5)
  A howler monkey (D:4)
  A hound (D:5)
  2 orc priests (D:4)
  A sleepcap (D:4)
  Jessica (D:2)
  An iguana (D:5)
  2 orc wizards (D:4)
  A sickly merfolk siren (Sewer)
  A malarious merfolk avatar (Sewer)
  Robin (D:2)
  7 adders
  3 river rats (Sewer)
  A white imp (D:5)
  3 dart slugs
  3 ribbon worms
  10 orcs
  3 bats (D:1)
  6 endoplasms
  6 giant cockroaches
  14 goblins
  6 hobgoblins
  6 jackals
  2 kobolds (D:2)
  4 quokkas
  16 ball pythons
  10 frilled lizards
  22 rats
139 creatures vanquished.

Notes
Turn   | Place    | Note
-------+----------+-------------------------------------------
     0 | D:1      | Leszczynek the Formicid Cinder Acolyte began the quest for
                  | the Orb.
     0 | D:1      | Reached XP level 1. HP: 18/18 MP: 2/2
   123 | D:1      | Reached XP level 2. HP: 18/24 MP: 3/3
   289 | D:1      | Found a faded altar of an unknown god.
   593 | D:1      | Reached XP level 3. HP: 28/30 MP: 4/4
   767 | D:2      | Found a hazy altar of Hepliaklqana.
   849 | D:2      | Noticed Robin
   942 | D:2      | Reached skill level 4 in Axes
  1142 | D:2      | Reached skill level 4 in Fighting
  1142 | D:2      | Reached XP level 4. HP: 37/37 MP: 5/5
  1150 | D:2      | Noticed Jessica
  1177 | D:2      | Killed Jessica
  1343 | D:2      | Killed Robin
  1344 | D:2      | Reached XP level 5. HP: 37/42 MP: 6/6
  1839 | D:2      | Found Aweruagh's Assorted Antiques.
  1847 | D:2      | Bought a shiny gold wand for 72 gold pieces
  1982 | D:3      | Reached skill level 5 in Axes
  2067 | D:3      | Noticed a kobold demonologist
  2070 | D:3      | Found a transporter.
  2157 | D:3      | Found a glowing drain.
  2161 | Sewer    | Entered a sewer
  2364 | Sewer    | Reached skill level 1 in Evocations
  2364 | Sewer    | Reached XP level 6. HP: 33/49 MP: 7/7
  2505 | Sewer    | Noticed a crocodile
  2523 | Sewer    | Killed a crocodile
  2524 | Sewer    | Reached skill level 2 in Evocations
  2566 | Sewer    | Noticed a crocodile
  2591 | Sewer    | Killed a crocodile
  2591 | Sewer    | HP: 7/49 [river rat (6)]
  2592 | Sewer    | Reached skill level 6 in Axes
  2592 | Sewer    | Reached XP level 7. HP: 8/55 MP: 8/8
  2803 | D:3      | Identified the +1 dagger of Ambiguity {chaos, rElec rPois
                  | rCorr}
  2944 | D:3      | Found a transporter.
  2963 | D:3      | Reached skill level 3 in Evocations
  3518 | D:4      | Reached skill level 1 in Maces & Flails
  3729 | D:4      | Reached skill level 2 in Maces & Flails
  3911 | D:2      | Bought a glowing cloak for 135 gold pieces
  4120 | D:4      | Found a hide-covered altar of Uskayaw.
  4161 | D:4      | Fell from the grace of Ignis
  4161 | D:4      | Became a worshipper of Uskayaw the Reveller
  4263 | D:4      | Reached * piety under Uskayaw
  4268 | D:4      | Reached ** piety under Uskayaw
  4276 | D:4      | Found a blossoming altar of Fedhas.
  4463 | D:5      | Entered Level 5 of the Dungeon
  4480 | D:5      | Reached skill level 5 in Fighting
  4611 | D:5      | Reached XP level 8. HP: 54/62 MP: 9/9
  4796 | D:5      | Reached skill level 3 in Maces & Flails
  4796 | D:5      | Reached skill level 1 in Invocations
  4831 | D:5      | Noticed Eustachio
  4844 | D:5      | Reached *** piety under Uskayaw
  4849 | D:5      | Killed Eustachio
  4850 | D:5      | Reached skill level 4 in Maces & Flails
  4850 | D:5      | Reached skill level 2 in Invocations
  4907 | D:5      | Noticed a fire elemental
  4907 | D:5      | Noticed a fire elemental
  4917 | D:5      | Killed a fire elemental
  4920 | D:5      | HP: 7/62 [fire elemental[the fiery vengeance of Ignis] (9)]
  4924 | D:5      | Reached **** piety under Uskayaw
  4925 | D:5      | HP: 11/62 [fire elemental[the fiery vengeance of Ignis]
                  | (9)]
  4927 | D:5      | HP: 5/62 [fire elemental[the fiery vengeance of Ignis] (6)]
  4929 | D:5      | Slain by a fire elemental

Illustrated notes

Levels and vault maps discovered:
D:1:      dpeg_arrival_radiant, layout_basic, chequers_ecumenical_altar_simple
D:2:      layout_basic, serial_shops, shop, basic_altar,
          dilly_guarded_unrand_morg, uniq_robin, uniq_jessica
D:3:      gammafunk_wand_slinger, layout_basic,
          mainiacjoe_sewer_entry_somewhere_in_here_2, serial_park_tiny_1,
          minmay_misc_feat_cross, kennysheep_pointless_box
D:4:      layout_basic, mainiacjoe_overflow_alcove_2, kennysheep_mini
D:5:      layout_layer_cave, lemuel_mausoleum_altar_kikubaaqudgha,
          hangedman_decor_push, uniq_pikel, uniq_eustachio

Skill      XL: |  1  2  3  4  5  6  7  8 |
---------------+-------------------------+-----
Axes           | 4 5 6 |  6.3
Fighting       | 4 5 |  5.1
Evocations     | 1 2 3 |  3.7
Maces & Flails | 2 4 |  4.0
Invocations    | 2 |  2.2
Spellcasting   | |  1.1
Fire Magic     | |  3.0

Action                     |  1- 3 |  4- 6 |  7- 9 || total
---------------------------+-------+-------+-------++-------
  Melee: Hand axe          |    84 |   195 |     1 ||   280
         Punch             |     1 |     3 |     1 ||     5
         Whip              |       |       |   131 ||   131
         Quarterstaff      |       |       |    17 ||    17
  Throw: Boomerang         |     1 |     2 |     1 ||     4
 Invoke: Fiery Armour      |       |     1 |       ||     1
         Stomp             |       |       |     2 ||     2
  Evoke: Wand              |       |     1 |       ||     1
    Use: Scroll            |       |       |     5 ||     5
         Potion            |       |       |     5 ||     5
   Stab: Sleeping          |       |       |     1 ||     1
         Paralysed         |       |       |     4 ||     4
 Armour: Robe              |    11 |       |       ||    11
         Ring mail         |    36 |   105 |   126 ||   267
  Dodge: Dodged            |    49 |    80 |    69 ||   198
